Map: Ulrena

Players

llllllllllll

  • Race: Zerg Zerg
  • League: Master

Miszu - Winner!

  • Race: Terran Terran
  • League: Master

VOD

Have the link to the VOD?

Description

Time

  • Played on: April 13, 2016, 2:11 p.m.
  • Length: 12:38
Show
View Real Time Build Order
Export as new Build Order

llllllllllll Zerg 

Build Orders: Pool First 

Get SALT Encoding   

  12  0:01  Drone  
  13  0:08  Drone  
  14  0:17  Overlord  
  14  0:22  Extractor  
  14  0:23  Drone  
  15  0:36  Drone x2  
  17  0:46  Drone  
  18  0:52  Spawning Pool  
  18  0:56  Drone  
  18  1:13  Hatchery  
  18  1:15  Extractor  
  18  1:16  Drone  
  17  1:19  Drone  
  18  1:27  Drone  
  19  1:38  Queen  
  19  1:39  Zergling x2  
  22  1:50  Overlord  
  22  1:54  Roach Warren  
  22  1:59  Drone  
  22  2:15  Queen  
  24  2:25  Queen  
  26  2:34  Roach x3  
  26  2:36  Drone  
  33  2:38  Drone  
  34  2:46  Drone x2  
  36  2:58  Spine Crawler  
  36  3:06  Lair  
  36  3:11  Overlord  
  36  3:13  Overlord  
  36  3:30  Drone  
  36  3:31  Drone x7  
  43  3:37  Drone x3  
  43  3:39  Drone  
  47  3:47  Extractor  
  46  3:49  Extractor  
  46  3:51  Drone x2  
  47  3:59  Drone x3  
  47  4:00  Drone  
  51  4:11  Extractor, Drone  
  51  4:12  Spire  
  51  4:17  Drone  
  51  4:37  Overlord, Spine Crawler  
  51  4:38  Overlord  
  50  4:39  Drone  
  51  4:59  Drone x2  
  53  5:00  Drone x3  
  53  5:04  Spine Crawler  
  53  5:06  Drone  
  53  5:07  Drone  
  58  5:21  Roach x5  
  66  5:23  Overlord x2  
  68  5:36  Overlord x2  
  68  5:39  Spore Crawler  
  67  5:43  Ravager x5  
  67  5:44  Roach x3  
  67  5:49  Ravager  
  78  5:50  Ravager  
  78  5:57  Roach x2  
  78  6:01  Drone  
  78  6:02  Drone x2  
  78  6:03  Queen x2  
  77  6:09  Mutalisk x2  
  75  6:17  Mutalisk  
  77  6:18  Evolution Chamber x2  
  77  6:20  Mutalisk  
  77  6:22  Hatchery  
  76  6:26  Overseer  
  76  6:27  Mutalisk  
  78  6:33  Mutalisk  
  78  6:39  Drone  
  79  6:48  Mutalisk  
  79  6:50  Drone x2  
  83  6:57  Zerg Missile Weapons Level 1  
  83  6:58  Roach  
  83  6:59  Queen  
  87  7:04  Roach  
  89  7:11  Extractor  
  89  7:12  Extractor, Roach x2  
  91  7:18  Zerg Ground Armor Level 1  
  91  7:22  Drone  
  96  7:30  Roach x4  
  96  7:33  Drone  
  96  7:34  Drone x2  
  103  7:41  Roach  
  103  7:44  Drone  
  106  7:46  Overlord  
  106  7:47  Overlord  
  106  7:49  Overlord  
  106  7:59  Overlord x2  
  106  8:08  Roach x3  
  106  8:09  Roach  
  106  8:10  Ravager x5  
  119  8:16  Roach x3  
  119  8:18  Spore Crawler  
  119  8:19  Roach x2  
  128  8:21  Drone  
  129  8:29  Roach x2  
  129  8:33  Roach x4  
  141  8:37  Roach x2  
  141  8:40  Overlord  
  145  8:46  Overlord  
  145  8:47  Overlord  
  145  9:01  Zerg Missile Weapons Level 2  
  145  9:03  Ravager x4  
  145  9:04  Roach  
  145  9:05  Roach  
  153  9:11  Roach x3  
  153  9:12  Roach  
  152  9:18  Roach x4  
  152  9:22  Roach x2  
  156  9:31  Roach x3  
  162  9:34  Ravager  
  163  9:42  Hatchery  
  162  9:49  Roach x3  
  162  9:50  Roach  
  167  9:58  Roach x5  
  153  10:01  Glial Reconstitution  
  153  10:05  Drone x5  
  156  10:09  Ravager x2  
  156  10:10  Ravager  
  159  10:14  Drone  
  159  10:15  Drone x3  
  159  10:21  Zerg Ground Armor Level 2  
  163  10:25  Ravager  
  164  10:33  Roach  
  164  10:34  Roach x2  
  170  10:38  Overlord x2  
  170  10:39  Overlord  
  170  10:46  Overlord x2  
  170  10:58  Ravager  
  170  10:59  Ravager x5  
  174  11:04  Roach  
  174  11:05  Roach x2  
  168  11:23  Roach  
  168  11:24  Roach x11  
  135  11:29  Roach x2  
  135  11:30  Roach x2  
  143  11:37  Ravager  
  143  11:38  Roach x2  
  148  11:40  Overseer  
  148  11:43  Roach  
  150  11:49  Roach x4  
  154  11:58  Roach  
  154  11:59  Roach x5  
  118  12:03  Roach x3  
  118  12:07  Roach  
  113  12:10  Roach x3  
  119  12:17  Roach x4  
Show
View Real Time Build Order
Export as new Build Order

Miszu Terran - Winner!

Build Orders: Reaper Expand, Bio Tank 

Get SALT Encoding   

  12  0:00  SCV  
  13  0:12  SCV  
  14  0:19  Supply Depot  
  14  0:25  SCV  
  15  0:40  SCV  
  16  0:44  Barracks  
  16  0:47  Refinery  
  16  0:53  SCV  
  17  1:05  SCV  
  18  1:17  SCV  
  19  1:31  Reaper  
  20  1:33  Orbital Command  
  20  1:43  Command Center  
  20  1:56  Supply Depot  
  20  1:58  SCV  
  21  2:01  Refinery  
  21  2:03  Barracks Reactor  
  21  2:11  SCV  
  22  2:23  Supply Depot, SCV  
  23  2:35  SCV  
  24  2:37  Factory  
  24  2:40  Marine x2  
  26  2:47  SCV  
  28  2:59  SCV  
  28  3:00  Orbital Command  
  28  3:01  Bunker  
  28  3:02  Marine  
  28  3:03  Marine  
  29  3:12  SCV  
  30  3:20  Marine  
  30  3:21  Marine  
  30  3:22  Factory Tech Lab  
  30  3:24  Starport  
  30  3:26  SCV  
  33  3:29  SCV  
  34  3:38  SCV  
  37  3:41  SCV  
  37  3:47  Siege Tank  
  38  3:50  SCV  
  38  3:53  Marine, SCV  
  41  4:00  Medivac  
  41  4:02  SCV  
  44  4:08  SCV  
  44  4:09  Supply Depot  
  45  4:14  Liberator, SCV  
  46  4:20  Siege Tank, SCV  
  50  4:26  SCV  
  54  4:32  SCV  
  54  4:33  Supply Depot  
  55  4:39  SCV  
  55  4:45  SCV  
  57  4:49  Supply Depot  
  57  4:51  SCV  
  58  4:57  Supply Depot, SCV  
  59  5:00  Marine x2  
  59  5:03  SCV  
  59  5:04  Siege Tank  
  65  5:09  Command Center, SCV  
  66  5:15  SCV  
  66  5:17  Barracks  
  66  5:18  Barracks  
  66  5:21  SCV  
  68  5:27  SCV  
  68  5:28  Starport Reactor, Refinery x2, Marine  
  69  5:29  Marine  
  69  5:33  SCV  
  72  5:39  SCV  
  73  5:45  SCV  
  73  5:46  Marine x2  
  76  5:51  SCV  
  77  6:01  SCV  
  77  6:03  SCV  
  77  6:04  Marine x2  
  64  6:07  Barracks Tech Lab x2  
  64  6:09  Siege Tank  
  64  6:13  SCV  
  64  6:15  SCV  
  64  6:16  Supply Depot  
  64  6:17  Medivac x2  
  70  6:21  Orbital Command  
  70  6:22  Marine x2, Barracks  
  70  6:23  Barracks  
  70  6:25  Barracks, SCV  
  73  6:26  Barracks  
  73  6:27  Marine x2, Barracks, SCV  
  73  6:31  Stimpack  
  76  6:37  SCV  
  76  6:39  Marine  
  77  6:40  Marine  
  77  6:42  Siege Tank  
  77  6:45  Marine  
  80  6:48  Marine  
  80  6:49  Combat Shields  
  81  6:57  Marine  
  81  6:58  Marine, SCV, Orbital Command  
  81  6:59  SCV  
  85  7:03  Marine  
  85  7:06  Marine  
  87  7:09  Engineering Bay  
  87  7:10  Barracks Reactor x2, Engineering Bay, SCV  
  87  7:11  SCV  
  87  7:15  Marine x2  
  90  7:19  Barracks Reactor x2, Barracks Tech Lab  
  90  7:20  Marine  
  93  7:22  SCV  
  93  7:23  SCV  
  93  7:24  Marine  
  93  7:30  SCV  
  93  7:34  Marine x2, SCV  
  93  7:35  SCV  
  98  7:38  Marine  
  98  7:40  Supply Depot, Missile Turret  
  98  7:41  Supply Depot  
  98  7:42  SCV, Missile Turret  
  98  7:43  Terran Infantry Weapons Level 1  
  100  7:44  Terran Infantry Armor Level 1  
  100  7:47  SCV  
  97  7:53  SCV  
  97  7:57  Marine x10  
  109  8:01  SCV  
  109  8:03  Refinery x2  
  109  8:08  Bunker, Supply Depot  
  109  8:14  Marine x2  
  109  8:15  Supply Depot  
  109  8:19  Concussive Shells  
  111  8:20  Armory  
  111  8:22  SCV  
  111  8:23  Marine x4, Marauder  
  117  8:32  Marine x5, Marauder x2  
  125  8:36  Supply Depot  
  125  8:38  Supply Depot  
  125  8:42  Marine x2  
  125  8:43  Marine  
  125  8:45  Marine, Marauder  
  125  8:46  Marine  
  132  8:49  Marine  
  132  8:50  Marine x3, Medivac x2  
  138  9:04  Supply Depot  
  138  9:05  Siege Tank  
  138  9:07  Supply Depot x2  
  138  9:09  Marine  
  144  9:10  Marine x2, Marauder  
  144  9:12  Marine  
  144  9:13  Marine  
  142  9:19  Marine x2, Marauder  
  142  9:20  Medivac  
  138  9:25  Marauder  
  140  9:35  Marine, Marauder  
  140  9:37  Missile Turret  
  140  9:38  Missile Turret  
  143  9:40  Marine, Missile Turret  
  143  9:44  Medivac  
  145  9:50  Medivac  
  145  9:51  Siege Tank  
  136  10:03  Terran Infantry Weapons Level 2  
  136  10:05  Terran Infantry Armor Level 2  
  136  10:10  Marine  
  136  10:11  Marine, Marauder  
  136  10:13  Marine x2, Marauder  
  144  10:14  Marine x3  
  144  10:16  Marine  
  144  10:17  Marine x2  
  150  10:23  Siege Tank  
  154  10:28  Marine  
  154  10:29  Marine  
  154  10:30  Marine  
  154  10:31  Marine  
  154  10:32  Marine x3, Marauder  
  154  10:34  Marine x2  
  154  10:35  Marine x2  
  166  10:46  Marine  
  166  10:47  Marine  
  166  10:48  Marine  
  166  10:49  Marine  
  170  10:51  Marine  
  170  10:52  Marauder  
  170  10:53  Medivac, Marauder  
  170  10:54  Barracks Tech Lab  
  170  10:55  Medivac  
  179  10:59  Marine  
  171  11:14  Marauder  
  171  11:15  Marauder  
  167  11:22  Marine x7, Marauder  
  167  11:25  Marine x3  
  155  11:35  Marauder  
  155  11:36  Marine  
  158  11:40  Marine x7  
  158  11:44  Medivac x2  
  169  11:50  Command Center  
  167  12:01  Marauder  
  141  12:07  Marine  
  141  12:08  Marauder  
  142  12:09  Marine x6  
  142  12:10  Marine x4  
Tags
 
Add a new tag
Caveats
  • Supply blocks, unpowered buildings, or Contaminate may cause inaccurate times.
  • Supply counts are checked every 10 seconds.